 Dungeon Crawl Stone Soup version 0.26.1-11-gd32895ea62 (webtiles) character file.

Game seed: 17770982025156393024

372 jlumianski the Caller (level 6, -2/21 HPs)
             Began as a Felid Summoner on May 4, 2021.
             Was an Initiate of Hepliaklqana.
             Slain by an iguana (10 damage)
             ... on level 4 of the Dungeon.
             The game lasted 00:38:44 (7170 turns).

jlumianski the Caller (Felid Summoner)              Turns: 7170, Time: 00:38:45

Health: -2/21      AC:  2    Str:  4    XL:     6   Next: 43%
Magic:  11/13      EV: 18    Int: 18    God:    Hepliaklqana [......]
Gold:   228        SH:  0    Dex: 17    Spells: 8/14 levels left
                                        Lives:  0   Deaths: 1

rFire    . . .     SeeInvis +     - Unarmed
rCold    . . .     Faith    .   (shield unavailable)
rNeg     . . .     Spirit   .   (armour unavailable)
rPois    .         Reflect  .   (helmet unavailable)
rElec    .         Harm     .   (cloak unavailable)
rCorr    .         Rampage  .   (gloves unavailable)
Will     .....                  (boots unavailable)
Stlth    +++.......             (no amulet)
HPRegen  0.07/turn              (no ring)
MPRegen  0.13/turn              (no ring)

@: quick
A: very small, no armour, no weapons or thrown items, stealth, reduced essence,
claws 1, fangs 3, see invisible, speed 1, shaggy fur 2, sharp paws
a: Renounce Religion, Recall Ancestor, Ancestor Identity


You were on level 4 of the Dungeon.
You worshipped Hepliaklqana.
Hepliaklqana was noncommittal.
You visited 2 branches of the dungeon, and saw 6 of its levels.

You collected 228 gold pieces.

Inventory:

Jewellery
 i - a cursed amulet of inaccuracy
 u - an uncursed ring of see invisible
Wands
 k - a wand of polymorph (3)
 s - a wand of disintegration (12)
 t - a wand of flame (22)
Scrolls
 b - 4 scrolls of identify
 c - 2 scrolls of teleportation
 d - a scroll of magic mapping {unknown}
 e - a scroll of fear {unknown}
 f - a scroll of blinking {unknown}
 g - a scroll of fog
 j - a scroll of remove curse
 p - a scroll of enchant armour {unknown}
Potions
 a - a potion of mutation {unknown}
 h - a potion of brilliance {unknown}
 l - a potion of degeneration {unknown}
 m - 5 potions of curing
 n - a potion of heal wounds
 o - a potion of might {unknown}
 q - a potion of attraction {unknown}
 r - a potion of haste {unknown}
 v - a potion of invisibility {unknown}
 w - a potion of resistance {unknown}
 x - a potion of magic {unknown}


   Skills:
 + Level 0.2 Fighting
 + Level 3.3 Dodging
 + Level 4.0 Stealth
 + Level 1.1 Unarmed Combat
 + Level 4.6 Spellcasting
 + Level 5.8 Summonings


You had 8 spell levels left.
You knew the following spells:

 Your Spells              Type           Power        Failure   Level
a - Summon Small Mammal   Summ           100%         1%          1
b - Call Imp              Summ           25%          1%          2
c - Call Canine Familiar  Summ           25%          3%          3

Your spell library contained the following spells:

 Spells                   Type           Power        Failure   Level
 Summon Guardian Golem    Hex/Summ       14%          13%         3
 Summon Ice Beast         Ice/Summ       14%          38%         4
 Summon Lightning Spire   Summ/Air       14%          38%         4


Dungeon Overview and Level Annotations

Branches:
Dungeon (5/15)             Temple (1/1) D:4

Altars:
Ashenzari
Cheibriados
Dithmenos
Elyvilon
Fedhas
Gozag
Hepliaklqana
Kikubaaqudgha
Makhleb
Nemelex Xobeh
Okawaru
Qazlal
Ru
Sif Muna
Trog
Uskayaw
Vehumet
Wu Jian
Xom
Yredelemnul
Zin
The Shining One

Annotations:
D:5 Ijyb


Innate Abilities, Weirdness & Mutations

You cannot wear armour.
You are incapable of wielding weapons or throwing items.
Your paws allow you to move quietly. (Stealth)
You have sharp claws.
You have razor-sharp teeth.
You have supernaturally acute eyesight. (SInv)
You cover ground quickly.
You are covered in thick fur. (AC +2)
Your sharp claws are effective at attacking unaware monsters.
Your life essence is reduced to manifest your ancestor. (-10% HP)


Message History

Your crimson imp blinks!
Your crimson imp disappears in a puff of smoke!
HP restored.
You climb downwards.
Level annotation: Ijyb A jackal skeleton comes into view.
The jackal skeleton bites you but does no damage.
The jackal skeleton closely misses you. The iguana misses you.
There is a stone staircase leading up here.
The jackal skeleton closely misses you. The iguana bites you!
Ouch! That really hurt!
Cyneburga hits the jackal skeleton.
You climb upwards.
There is a stone staircase leading down here.
Casting: Call Canine Familiar (quite dangerous; 3% risk of failure)
Confirm with . or Enter, or press ? or * to list all spells.
A beastly little devil appears in a puff of frigid air.
Your white imp says, "You called?"
The iguana bites you!
You die...

#...# #...##
###########
.....########.........#
.....##......)........#
#.....................#
#.....................#
##+#..................#
##.##.#..####..l.÷....#
............+..R@.....#
#.###..5.####..5......#
...)..#5## #.........#
......)5#####.........#
#.###.8.#[....####.####
#.#......###### #.##
#.#.8.>†8..# #..#
#.#(.......# ##.#
...+#.8.#..# ###.##


You could see the friendly Cyneburga the ancestor, an iguana and a friendly
white imp (summoned).

Vanquished Creatures
  A worker ant (D:3)
  An adder (D:4)
  A leopard gecko (D:3)
  An orc (D:4)
  2 giant cockroaches
  A goblin (D:2)
  2 kobolds (D:1)
  6 bats
  3 frilled lizards
  3 rats
21 creatures vanquished.

Vanquished Creatures (collateral kills)
  Sigmund (D:2)
  3 scorpions (D:4)
  2 hounds
  3 orc priests
  A worker ant (D:3)
  2 orc wizards
  6 adders
  2 oozes
  An adder skeleton (D:4)
  4 worms
  4 dart slugs
  A leopard gecko (D:3)
  19 orcs
  3 giant cockroaches
  2 goblins (D:2)
  10 hobgoblins
  3 jackals
  7 kobolds
  8 bats
  3 frilled lizards
  A quokka skeleton (D:4)
  4 rats
90 creatures vanquished.

Vanquished Creatures (others)
  2 ancestors (D:4)
  A jackal (D:5)
  5 fungi (D:4)
  3 plants (D:4)
11 creatures vanquished.

Grand Total: 122 creatures vanquished

Notes
Turn   | Place    | Note
-------+----------+-------------------------------------------
     0 | D:1      | jlumianski the Felid Summoner began the quest for the Orb.
     0 | D:1      | Reached XP level 1. HP: 7/7 MP: 4/4
   194 | D:1      | Reached XP level 2. HP: 11/11 MP: 0/6
   197 | D:1      | Learned a level 2 spell: Call Imp
  1505 | D:2      | Noticed Sigmund
  1517 | D:2      | Killed Sigmund
  1518 | D:2      | Reached XP level 3. HP: 14/14 MP: 1/8
  1518 | D:2      | Reached XP level 4. HP: 18/18 MP: 1/9
  1684 | D:2      | Slain by a worm
  1685 | D:2      | Reached XP level 3. HP: -1/14 MP: 6/8
  1789 | D:2      | Reached skill level 5 in Summonings
  2052 | D:2      | Learned a level 3 spell: Call Canine Familiar
  2220 | D:2      | Reached XP level 4. HP: 18/18 MP: 3/9
  4049 | D:3      | Found a white marble altar of Elyvilon.
  4514 | D:3      | Reached XP level 5. HP: 21/21 MP: 11/11
  4711 | D:4      | Noticed a +0 dagger
  4711 | D:4      | Noticed a +0 hand axe
  4712 | D:4      | Found a hide-covered altar of Uskayaw.
  5848 | D:4      | Found a staircase to the Ecumenical Temple.
  5855 | Temple   | Entered the Ecumenical Temple
  5970 | Temple   | Became a worshipper of Hepliaklqana the Forgotten
  6223 | D:4      | Reached skill level 1 in Unarmed Combat
  6223 | D:4      | Gained mutation: You are covered in thick fur. (AC +2)
                  | [Felid growth]
  6223 | D:4      | Reached XP level 6. HP: 21/21 MP: 3/13
  6849 | D:4      | Found the +7 Singing Sword {vorpal, sonic wave}
  6936 | D:5      | Entered Level 5 of the Dungeon
  6936 | D:5      | Noticed Ijyb
  7170 | D:4      | Slain by an iguana

Illustrated notes

Levels and vault maps discovered:
D:1:      minmay_arrival_shattered_statue, layout_loops_ring,
          chequers_serial_rivers_micro_c, corexii_corridor_pit,
          minmay_misc_feat_tower, minmay_tiny_reverse_x
D:2:      layout_basic, st_stairs_11, uniq_sigmund
D:3:      layout_basic, elyvilon_altar_1
D:4:      old_forge, layout_basic, dancing_weapons_uskayaw,
          minmay_temple_entry_statues_pillars
D:5:      layout_loops_ring, minmay_divided_ellipse, uniq_ijyb, uniq_duvessa
Temple:   nicolae_temple_the_god_donut

Skill      XL: |  1  2  3  4  5 |
---------------+----------------+-----
Stealth        | 3 4 |  4.0
Dodging        | 3 |  3.3
Spellcasting   | 3 4 |  4.6
Summonings     | 5 |  5.8
Unarmed Combat | 1 |  1.1
Fighting       | |  0.2

Action                   |  1- 3 |  4- 6 || total
-------------------------+-------+-------++-------
Melee: Unarmed           |    22 |    56 ||    78
       Bite              |     1 |     6 ||     7
 Cast: Summon Small Mamm |    21 |     5 ||    26
       Call Imp          |    35 |    87 ||   122
       Call Canine Famil |     1 |    20 ||    21
  Use: Scroll            |     1 |     4 ||     5
       Potion            |       |     3 ||     3
 Stab: Sleeping          |     4 |     9 ||    13
       Distracted        |       |     2 ||     2
Armor: Skin              |     2 |     6 ||     8
Dodge: Dodged            |    42 |    90 ||   132
